 Dungeon Crawl Stone Soup version 0.24.0-13-gcf9b319 (webtiles) character file.

Game seed: 18149068939403968279, levelgen mode: deterministic

829 Bronimir the Vandal (level 7, -1/54 HPs)
             Began as a Demonspawn Gladiator on Apr 10, 2020.
             Slain by an ogre
             ... wielding a +0 giant club
              (24 damage)
             ... on level 4 of the Dungeon.
             The game lasted 00:04:59 (2842 turns).

Bronimir the Vandal (Demonspawn Gladiator)          Turns: 2842, Time: 00:05:00

Health: -1/54      AC: 10    Str: 16    XL:     7   Next: 65%
Magic:  0/7        EV: 13    Int:  9    God:
Gold:   97         SH:  0    Dex: 15    Spells: 6/6 levels left

rFire    . . .     SeeInvis .   a - +0 trident
rCold    . . .     Gourm    .   (no shield)
rNeg     . . .     Faith    .   y - +1 ring mail {rPois}
rPois    +         Spirit   +   (helmet restricted)
rElec    .         Reflect  .   (no cloak)
rCorr    .         Harm     .   (no gloves)
MR       .....                  v - +0 pair of boots
Stlth    +.........             (no amulet)
HPRegen  0.18/turn              (no ring)
MPRegen  0.10/turn              (no ring)

@: no status effects
A: horns 1, slimy green scales 2, demonic guardian 1, magic shield
a: no special abilities


You were on level 4 of the Dungeon.
You were not hungry.

You visited 1 branch of the dungeon, and saw 7 of its levels.

You collected 97 gold pieces.

Inventory:

Hand Weapons
 a - a +0 trident (weapon)
 b - a +1 hunting sling of flaming
 D - a +0 morningstar
Missiles
 d - 4 throwing nets
 j - 91 stones
 l - 13 boomerangs
 n - 30 arrows
 o - 8 poisoned darts (quivered)
 r - 14 bolts
 I - a sling bullet
Armour
 c - a +0 helmet
 k - a +0 leather armour
 v - a +0 pair of boots (worn)
 y - a +1 ring mail of poison resistance (worn)
Jewellery
 t - an uncursed amulet of magic regeneration {unknown}
 z - an uncursed ring of stealth {unknown}
Wands
 C - a wand of acid (4)
 E - a wand of random effects (44)
 G - a wand of iceblast (5)
Scrolls
 e - 3 scrolls of remove curse {unknown}
 m - 6 scrolls of identify {unknown}
 p - 4 scrolls of magic mapping {unknown}
 A - a scroll of enchant armour {unknown}
 B - a scroll of enchant weapon {unknown}
Potions
 g - a potion of berserk rage {unknown}
 h - a potion of might {unknown}
 i - a potion of curing {unknown}
 q - a potion of lignification {unknown}
 s - 2 potions of haste {unknown}
 u - a potion of flight {unknown}
 w - a potion of invisibility {unknown}
 x - 2 potions of degeneration {unknown}
 H - a potion of mutation {unknown}
Comestibles
 f - 3 rations


   Skills:
 * Level 4.0 Fighting
 * Level 4.1 Polearms
 + Level 4.5(4.8) Slings
 + Level 1.9(3.5) Throwing
 * Level 2.6 Armour
 * Level 3.9 Dodging
 + Level 0.2 Stealth


You had 6 spell levels left.
You didn't know any spells.
Your spell library was empty.

Dungeon Overview and Level Annotations

Branches:
Dungeon (7/15)
 Temple: D:4-7

Altars:


Innate Abilities, Weirdness & Mutations

You have a pair of small horns on your head.
You are mostly covered in slimy green scales. (AC +3)
A weak demonic guardian rushes to your aid.
When hurt, damage is shared between your health and your magic reserves.


Message History

Unknown command.
You closely miss the killer bee.
The killer bee is severely wounded.
The killer bee stings you but does no damage.
The killer bee stings you!
Your iron imp completely misses the killer bee.
You are too injured to fight recklessly!
You are too injured to fight recklessly!
You are too injured to fight recklessly!
Unknown command.
You miss the killer bee. You headbutt the killer bee.
You kill the killer bee!
You completely miss the ogre.
You headbutt the ogre, but do no damage.
Your iron imp hits the ogre.
The ogre hits you with a +0 giant club.
You barely miss the ogre. You headbutt the ogre.
The ogre is lightly wounded.
Your iron imp hits the ogre.
The ogre hits you with a +0 giant club!!
You die...

..... .....#..
..................##..
.....................
#................#... [
#....................
..##.............#......
................##......
#......O#.......(...####
.......@5...........###.
..................#...#.
......$......####.......
......##......# #.......
............#...........
...........###..........
..##...#...# #..........
## ###.##### #...#......
.. ##..#......


You could see an ogre and a friendly iron imp.

Vanquished Creatures
  A phantom (D:4)
  A bullfrog (D:7)
  A scorpion (D:3)
  3 killer bees (D:4)
  2 howler monkeys (D:6)
  2 orc priests (D:5)
  An orc wizard (D:4)
  An iguana (D:5)
  4 adders
  An ooze (D:3)
  A worm (D:2)
  A dart slug (D:5)
  A leopard gecko (D:4)
  7 orcs
  4 giant cockroaches
  4 hobgoblins
  5 jackals
  3 kobolds
  A quokka (D:7)
  4 bats
  2 frilled lizards
  4 rats
54 creatures vanquished.

Vanquished Creatures (collateral kills)
  A hungry ghost (D:6)
  An ogre (D:5)
  A killer bee (D:4)
  A hound (D:6)
  An orc wizard (D:5)
  A worker ant (D:3)
  An orc (D:5)
7 creatures vanquished.

Grand Total: 61 creatures vanquished

Notes
Turn   | Place    | Note
-------+----------+-------------------------------------------
     0 | D:1      | Bronimir the Demonspawn Gladiator began the quest for the
                  | Orb.
     0 | D:1      | Reached XP level 1. HP: 16/16 MP: 1/1
   262 | D:1      | Gained mutation: You have a pair of small horns on your
                  | head. [demonic ancestry]
   262 | D:1      | Reached XP level 2. HP: 22/22 MP: 2/2
   753 | D:2      | Gained mutation: A weak demonic guardian rushes to your
                  | aid. [demonic ancestry]
   753 | D:2      | Reached XP level 3. HP: 27/27 MP: 3/3
  1073 | D:3      | Reached skill level 1 in Slings
  1614 | D:4      | Noticed a phantom
  1632 | D:4      | Killed a phantom
  1632 | D:4      | Reached skill level 1 in Armour
  1632 | D:4      | Gained mutation: You are partially covered in slimy green
                  | scales. (AC +2) [demonic ancestry]
  1632 | D:4      | Reached XP level 4. HP: 26/34 MP: 4/4
  1673 | D:4      | Reached XP level 5. HP: 33/39 MP: 5/5
  1741 | D:4      | You fall into a shaft and drop 3 floors!
  1751 | D:7      | Gained mutation: When hurt, damage is shared between your
                  | health and your magic reserves. [demonic ancestry]
  1751 | D:7      | Reached XP level 6. HP: 45/47 MP: 6/6
  1837 | D:6      | Noticed a hungry ghost
  1853 | D:6      | Killed a hungry ghost
  1945 | D:5      | Entered Level 5 of the Dungeon
  2037 | D:5      | Gained mutation: You are mostly covered in slimy green
                  | scales. (AC +3) [demonic ancestry]
  2037 | D:5      | Reached XP level 7. HP: 52/52 MP: 7/7
  2842 | D:4      | Slain by an ogre

Levels and vault maps discovered:
D:1:      dpeg_arrival_water_altar, layout_rooms, grunt_decor_arrowhead,
          minmay_heptomino_d4
D:2:      layout_basic, chequers_ecumenical_altar_simple_redux
D:3:      layout_basic, first_ration
D:4:      layout_cave_pools, minmay_temple_entry_proselytizer
D:5:      layout_layer_cave, portal_sewer_entry_f
D:6:      wander_river, layout_basic
D:7:      layout_basic, nicolae_overflow_hidden_temple, basic_altar,
          grunt_livestock, minmay_curled_crystal

Skill      XL: |  1  2  3  4  5  6  7 |
---------------+----------------------+-----
Polearms       | 3 4 |  4.1
Slings         | 2 3 4 |  4.5
Armour         | 1 2 |  2.6
Dodging        | 3 |  3.9
Fighting       | 3 4 |  4.0
Throwing       | |  1.9
Stealth        | |  0.2

Action                   |  1- 3 |  4- 6 |  7- 9 || total
-------------------------+-------+-------+-------++-------
Melee: Trident           |    22 |       |    49 ||    71
       Headbutt          |       |       |     8 ||     8
 Fire: Hunting sling     |    76 |    76 |    11 ||   163
Throw: Dart              |     7 |       |       ||     7
 Stab: Sleeping          |     1 |       |       ||     1
  Eat: Chunk             |     2 |     2 |     2 ||     6
       Ration            |       |     1 |       ||     1
Armor: Leather armour    |    11 |       |       ||    11
       Ring mail         |       |    19 |    27 ||    46
Dodge: Dodged            |    33 |    21 |    54 ||   108
